Penguins vs Ducks

Created - November 23, 2025 at 20:32

Goals
1 2 3 T
Penguins 0 1 3 4
Ducks 0 0 0 0
Shots
1 2 3 T
Penguins 12 15 7 34
Ducks 7 4 8 19

1st period

No Goal

Penalties :
Danny DeKeiser (Ana) for Charging (Minor) at 17:53

2nd period

1. Penguins , John Tavares 6 (Jakub Voracek 4, Adam Fox 5) at 12:34

Penalties :
Sam Gagner (Pit) for Interference (Minor) at 0:48, Adam Fox (Pit) for Hooking (Minor) at 7:42, Alex Pietrangelo (Ana) for Tripping (Minor) at 14:38, Sam Gagner (Pit) for High sticking (Minor) at 17:36

3rd period

2. Penguins , Mark Scheifele 4 (Gavin Bayreuther 4, John Tavares 10) at 1:21 (PP)
3. Penguins , Mathew Barzal 3 (Sam Gagner 3) at 2:55
4. Penguins , Mark Scheifele 5 (Sebastian Aho 9) at 11:48

Penalties :
Adrian Kempe (Ana) for Holding Stick (Minor) at 1:06, Sebastian Aho (Pit) for Roughing (Minor) at 4:57, Nick Blankenburg (Pit) for Hooking (Minor) at 16:11

Goalie Stats

Jeremy Swayman (Pit), 19 saves from 19 shots - (1.000), W, 5-1-1, 60:00 minutes
Michal Neuvirth (Ana), 30 saves from 34 shots - (0.882), L, 4-3-0, 60:00 minutes

Players Stats for Penguins

Player Name              G  A  P  +/- PIM S  H  SB GA TA FO     MP     PP MP  PK MP  
------------------------------------------------------------------------------------
Adam Fox                 0  1  1   1  2   1  0  2  0  1  0/0    27:22   2:00   4:34 
Brandon Tanev            0  0  0   0  0   2  0  1  0  0  0/0     8:29   0:00   2:16 
Brock Nelson             0  0  0   0  0   0  0  0  0  0  0/0     8:23   0:00   2:23 
Gavin Bayreuther         0  1  1   1  0   2  2  1  0  1  0/0    19:51   2:25   0:05 
Jakub Voracek            0  1  1   1  0   2  3  0  1  0  0/0    14:32   1:47   0:00 
John Tavares             1  1  2   1  0   3  4  1  1  0  3/10   19:14   2:26   4:17 
Kirill Kaprizov          0  0  0   1  0   4  0  0  2  0  0/1    19:06   1:47   0:05 
Marcus Foligno           0  0  0   1  0   4  1  0  0  0  1/1    14:34   0:00   5:11 
Mark Scheifele           2  0  2   1  0   6  0  0  1  1  3/3    20:26   2:26   0:00 
Mathew Barzal            1  0  1   1  0   2  1  0  0  0  0/0     9:23   0:00   0:00 
Max Reinhart             0  0  0   0  0   0  0  0  0  0  4/6    10:59   0:00   5:16 
Neal Pionk               0  0  0   1  0   0  0  2  0  0  0/0    20:59   1:48   4:17 
Nick Blankenburg         0  0  0   1  2   1  1  0  0  1  0/0    14:48   0:25   3:41 
Nick Leddy               0  0  0   1  0   2  0  0  0  0  0/0    11:33   0:00   1:29 
Oscar Klefbom            0  0  0   1  0   2  1  1  1  0  0/0    25:51   1:48   5:44 
Pavel Zacha              0  0  0   1  0   1  0  2  0  0  0/0    15:11   2:26   0:00 
Sam Gagner               0  1  1   1  4   0  1  0  0  0  2/2     9:45   0:00   0:09 
Sebastian Aho            0  1  1   1  2   2  2  0  1  0  14/27  19:34   1:47   0:13 

Players Stats for Ducks

Player Name              G  A  P  +/- PIM S  H  SB GA TA FO     MP     PP MP  PK MP  
------------------------------------------------------------------------------------
Adam Gaudette            0  0  0  -2  0   2  1  0  0  0  0/0    17:25   4:39   0:54 
Adam Larsson             0  0  0  -1  0   0  1  2  0  2  0/0    27:08   5:00   1:26 
Adrian Kempe             0  0  0   0  2   2  1  0  0  0  1/2    22:32   4:33   0:54 
Alex Pietrangelo         0  0  0  -1  2   2  2  1  0  0  0/0    27:13   4:55   1:27 
Carter Verhaeghe         0  0  0   0  0   0  1  1  1  0  0/1    17:39   0:43   0:00 
Cody Eakin               0  0  0  -2  0   1  1  0  0  0  9/14   16:43   4:39   0:16 
Danny DeKeiser           0  0  0  -1  2   1  0  0  0  0  0/0    16:41   5:02   1:33 
Dominic Turgeon          0  0  0  -1  0   5  0  0  0  0  3/6     8:19   0:00   0:00 
Frederick Gaudreau       0  0  0   0  0   0  1  0  0  0  1/2     9:15   0:43   0:00 
John Carlson             0  0  0  -1  0   1  1  0  0  1  0/0    15:42   0:00   0:08 
Josh Anderson            0  0  0   0  0   0  0  0  0  0  0/0     8:26   0:00   0:00 
Matt Martin              0  0  0  -2  0   1  2  1  0  0  0/1    17:26   4:39   0:59 
Nikita Tryamkin          0  0  0  -1  0   1  1  0  0  0  0/0    11:51   0:00   2:24 
Teemu Hartikainen        0  0  0  -1  0   2  0  0  1  1  0/1     9:42   0:00   1:23 
Tye McGinn               0  0  0   0  0   0  3  0  0  1  0/0    16:11   5:09   2:11 
Tyler Johnson            0  0  0   0  0   0  3  0  2  2  9/23   23:38   4:40   1:49 
Tyler Myers              0  0  0  -1  0   1  0  2  0  0  0/0    21:34   4:53   1:28 
Zack MacEwen             0  0  0  -1  0   0  0  0  0  0  0/0     8:19   0:00   0:00 

3 Stars

1 - Jeremy Swayman (Pit)
2 - John Tavares (Pit)
3 - Mark Scheifele (Pit)

Power Play

Penguins - 1 on 3 Attempt(s) - 33.33%
Ducks - 0 on 5 Attempt(s) - 0.00%

Penalty Kill

Penguins - 5 on 5 Attempt(s) - 100.00% - Score 0 goal in Penalty Kill
Ducks - 2 on 3 Attempt(s) - 66.67% - Score 0 goal in Penalty Kill

Team Stat

Penguins - Hits : 16 - Faceoff Wins : 27 - Blocked Shots : 10 - Penalty Minutes : 10
Ducks - Hits : 18 - Faceoff Wins : 23 - Blocked Shots : 7 - Penalty Minutes : 6

Official

Referees : Francis Charron and Michael Markovic
Linesman : Shandor Alphonso and Jonny Murray

Game Notes

No Game Note

Finance

Level 1 -- Attendance: 5748 (95.80%) -- Ticket Income $574,800
Level 2 -- Attendance: 5000 (100.00%) -- Ticket Income $350,000
Level 3 -- Attendance: 1914 (95.70%) -- Ticket Income $76,560
Level 4 -- Attendance: 4000 (100.00%) -- Ticket Income $120,000
Luxury Box -- Attendance: 1000 (100.00%) -- Ticket Income $200,000
Game was played at the Arrow head pond.
Total Attendance: 17662 (98.12%)
Total Ticket Income: $1,321,360
Other Income: $198,204
Total Income: $1,519,564

Penguins

5 vs 5 Forward 
   Center                   Left Wing                Right Wing               Time % Phy DF OF 
 1 Sebastian Aho            Kirill Kaprizov          Mark Scheifele           40     1   2  2  
 2 John Tavares             Pavel Zacha              Jakub Voracek            30     1   2  2  
 3 Sam Gagner               Marcus Foligno           Mathew Barzal            20     1   2  2  
 4 Max Reinhart             Brock Nelson             Brandon Tanev            10     1   2  2  

5 vs 5 Defense 
   Defense                  Defense                                           Time % Phy DF OF 
 1 Oscar Klefbom            Adam Fox                                          40     1   2  2  
 2 Neal Pionk               Gavin Bayreuther                                  30     1   2  2  
 3 Nick Leddy               Nick Blankenburg                                  20     1   2  2  
 4 Gavin Bayreuther         Adam Fox                                          10     1   2  2  

PowerPlay Forward 
   Center                   Left Wing                Right Wing               Time % Phy DF OF 
 1 John Tavares             Pavel Zacha              Mark Scheifele           60     0   1  4  
 2 Sebastian Aho            Kirill Kaprizov          Jakub Voracek            40     0   1  4  

PowerPlay Defense
   Defense                  Defense                                           Time % Phy DF OF 
 1 Gavin Bayreuther         Adam Fox                                          60     0   2  3  
 2 Neal Pionk               Oscar Klefbom                                     40     0   2  3  

Penalty Kill 4 Players Forward 
   Center                   Wing                     Time % Phy DF OF 
 1 Max Reinhart             Marcus Foligno           60     1   4  0  
 2 John Tavares             Brandon Tanev            40     1   4  0  

Penalty Kill 4 Players Defense
   Defense                  Defense                  Time % Phy DF OF 
 1 Oscar Klefbom            Adam Fox                 60     1   4  0  
 2 Neal Pionk               Nick Blankenburg         40     1   4  0  

Penalty Kill - 3 Players Forward 
   Forward                                           Time % Phy DF OF 
 1 Max Reinhart                                      60     1   4  0  
 2 Marcus Foligno                                    40     1   4  0  

Penalty Kill - 3 Players Defense
   Defense                  Defense                  Time % Phy DF OF 
 1 Oscar Klefbom            Adam Fox                 60     1   4  0  
 2 Neal Pionk               Nick Blankenburg         40     1   4  0  

4 vs 4 Forward 
   Center                   Wing                     Time % Phy DF OF 
 1 John Tavares             Mark Scheifele           60     1   2  2  
 2 Sebastian Aho            Pavel Zacha              40     1   2  2  

4 vs 4 Defense
   Defense                  Defense                  Time % Phy DF OF 
 1 Oscar Klefbom            Adam Fox                 60     1   2  2  
 2 Neal Pionk               Gavin Bayreuther         40     1   2  2  

Last Minutes Offensive
   Center                   Left Wing                Right Wing               Defense                  Defense                  
   John Tavares             Kirill Kaprizov          Mark Scheifele           Gavin Bayreuther         Adam Fox                 

Last Minutes Defensive
   Center                   Left Wing                Right Wing               Defense                  Defense                  
   Max Reinhart             Marcus Foligno           Brandon Tanev            Neal Pionk               Nick Blankenburg         

Goaltenders
Starting : Jeremy Swayman           
Backup : Frederik Andersen        

Extra Forwards
Normal : John Tavares, Mark Scheifele, Jakub Voracek - PP : John Tavares, Mark Scheifele - PK : Max Reinhart
Extra Defensemen
Normal : Adam Fox, Neal Pionk, Nick Blankenburg - PP : Adam Fox - PK : Oscar Klefbom, Nick Blankenburg
Penalty Shots
Pavel Zacha, Mark Scheifele, Kirill Kaprizov, Sebastian Aho, John Tavares
Custom OT Lines Forwards
John Tavares, Pavel Zacha, Mark Scheifele, Sebastian Aho, Kirill Kaprizov, Jakub Voracek, Mathew Barzal, Sam Gagner, Marcus Foligno, Brock Nelson
Custom OT Lines Defensemen
Adam Fox, Oscar Klefbom, Neal Pionk, Gavin Bayreuther, Nick Leddy

Scratches
None

Ducks

5 vs 5 Forward 
   Center                   Left Wing                Right Wing               Time % Phy DF OF 
 1 Tyler Johnson            Carter Verhaeghe         Adrian Kempe             40     1   2  2  
 2 Cody Eakin               Matt Martin              Adam Gaudette            30     1   2  2  
 3 Frederick Gaudreau       Tye McGinn               Josh Anderson            20     1   2  2  
 4 Dominic Turgeon          Teemu Hartikainen        Zack MacEwen             10     1   2  2  

5 vs 5 Defense 
   Defense                  Defense                                           Time % Phy DF OF 
 1 Alex Pietrangelo         Adam Larsson                                      40     1   2  2  
 2 Tyler Myers              John Carlson                                      30     1   2  2  
 3 Danny DeKeiser           Nikita Tryamkin                                   20     1   2  2  
 4 Adam Larsson             Alex Pietrangelo                                  10     1   2  2  

PowerPlay Forward 
   Center                   Left Wing                Right Wing               Time % Phy DF OF 
 1 Tyler Johnson            Tye McGinn               Adrian Kempe             60     1   2  2  
 2 Cody Eakin               Matt Martin              Adam Gaudette            40     1   2  2  

PowerPlay Defense
   Defense                  Defense                                           Time % Phy DF OF 
 1 Alex Pietrangelo         Danny DeKeiser                                    60     1   2  2  
 2 Tyler Myers              Adam Larsson                                      40     1   2  2  

Penalty Kill 4 Players Forward 
   Center                   Wing                     Time % Phy DF OF 
 1 Tyler Johnson            Tye McGinn               60     1   2  2  
 2 Adrian Kempe             Adam Gaudette            40     1   2  2  

Penalty Kill 4 Players Defense
   Defense                  Defense                  Time % Phy DF OF 
 1 Alex Pietrangelo         Danny DeKeiser           60     1   2  2  
 2 Tyler Myers              Adam Larsson             40     1   2  2  

Penalty Kill - 3 Players Forward 
   Forward                                           Time % Phy DF OF 
 1 Tyler Johnson                                     60     1   2  2  
 2 Tye McGinn                                        40     1   2  2  

Penalty Kill - 3 Players Defense
   Defense                  Defense                  Time % Phy DF OF 
 1 Alex Pietrangelo         Danny DeKeiser           60     1   2  2  
 2 Tyler Myers              Adam Larsson             40     1   2  2  

4 vs 4 Forward 
   Center                   Wing                     Time % Phy DF OF 
 1 Tyler Johnson            Tye McGinn               60     1   2  2  
 2 Adrian Kempe             Adam Gaudette            40     1   2  2  

4 vs 4 Defense
   Defense                  Defense                  Time % Phy DF OF 
 1 Alex Pietrangelo         Danny DeKeiser           60     1   2  2  
 2 Tyler Myers              Adam Larsson             40     1   2  2  

Last Minutes Offensive
   Center                   Left Wing                Right Wing               Defense                  Defense                  
   Tyler Johnson            Tye McGinn               Adrian Kempe             Alex Pietrangelo         Danny DeKeiser           

Last Minutes Defensive
   Center                   Left Wing                Right Wing               Defense                  Defense                  
   Tyler Johnson            Tye McGinn               Adrian Kempe             Alex Pietrangelo         Danny DeKeiser           

Goaltenders
Starting : Michal Neuvirth          
Backup : Marek Mazanek            

Extra Forwards
Normal : Carter Verhaeghe, Frederick Gaudreau, Teemu Hartikainen - PP : Carter Verhaeghe, Frederick Gaudreau - PK : Teemu Hartikainen
Extra Defensemen
Normal : Alex Pietrangelo, John Carlson, Tyler Myers - PP : Alex Pietrangelo - PK : Nikita Tryamkin, Tyler Myers
Penalty Shots
Tyler Johnson, Tye McGinn, Adrian Kempe, Adam Gaudette, Matt Martin
Custom OT Lines Forwards
Tyler Johnson, Tye McGinn, Adrian Kempe, Adam Gaudette, Matt Martin, Cody Eakin, Carter Verhaeghe, Frederick Gaudreau, Teemu Hartikainen, Dominic Turgeon
Custom OT Lines Defensemen
Alex Pietrangelo, Danny DeKeiser, Tyler Myers, Adam Larsson, John Carlson

Scratches
Nico Hischier (Bruised Left Shoulder Injury), Kevin Fiala (Broken Right Index Finger Injury)

% Time on Ice - Penguins

Lines # - Real PCT - Wanted PCT - Time Play
Normal Forward
1 - 38% - 40% - 17:31
2 - 29% - 30% - 13:15
3 - 20% - 20% - 9:23
4 - 12% - 10% - 5:43
Normal Defense
1 - 39% - 40% - 17:46
2 - 32% - 30% - 14:54
3 - 22% - 20% - 10:02
4 - 7% - 10% - 3:10
PP Forward
1 - 58% - 60% - 2:26
2 - 42% - 40% - 1:47
PP Defense
1 - 57% - 60% - 2:25
2 - 43% - 40% - 1:48
PK Forward
1 - 77% - 60% - 7:39
2 - 23% - 40% - 2:16
PK Defense
1 - 66% - 60% - 6:33
2 - 34% - 40% - 3:22
PK3 Forward
1 - 0% - 60%
2 - 0% - 40%
PK3 Defense
1 - 0% - 60%
2 - 0% - 40%
44 Forward
1 - 0% - 60%
2 - 0% - 40%
44 Defense
1 - 0% - 60%
2 - 0% - 40%
Last Minute Offensive  - 0:00
Last Minute Defensive  - 0:00
Total
Forward - 60:00
Defense - 60:00

% Time on Ice - Ducks

Lines # - Real PCT - Wanted PCT - Time Play
Normal Forward
1 - 38% - 40% - 17:15
2 - 26% - 30% - 11:52
3 - 18% - 20% - 8:26
4 - 18% - 10% - 8:19
Normal Defense
1 - 42% - 40% - 19:24
2 - 33% - 30% - 15:09
3 - 21% - 20% - 9:27
4 - 4% - 10% - 1:52
PP Forward
1 - 53% - 60% - 5:16
2 - 47% - 40% - 4:39
PP Defense
1 - 51% - 60% - 5:02
2 - 49% - 40% - 4:53
PK Forward
1 - 79% - 60% - 3:19
2 - 21% - 40% - 0:54
PK Defense
1 - 68% - 60% - 2:53
2 - 32% - 40% - 1:20
PK3 Forward
1 - 0% - 60%
2 - 0% - 40%
PK3 Defense
1 - 0% - 60%
2 - 0% - 40%
44 Forward
1 - 0% - 60%
2 - 0% - 40%
44 Defense
1 - 0% - 60%
2 - 0% - 40%
Last Minute Offensive  - 0:00
Last Minute Defensive  - 0:00
Total
Forward - 60:00
Defense - 60:00

Play-by-Play

1st period


0:01 of 1st period - Mark Scheifele wins face-off versus Tyler Johnson in neutral zone.
0:04 of 1st period - Wrist shot by Sebastian Aho.
0:04 of 1st period - Stopped by Michal Neuvirth with a rebound.
0:06 of 1st period - Wrist shot by Kirill Kaprizov.
0:06 of 1st period - Stopped by Michal Neuvirth without a rebound.
0:07 of 1st period - Tyler Johnson wins face-off versus Kirill Kaprizov in Ducks zone.
1:38 of 1st period - Carter Verhaeghe is hit by Oscar Klefbom and loses puck.
2:13 of 1st period - Snap shot by Mark Scheifele.
2:13 of 1st period - Shot Misses the Net.
2:15 of 1st period - Slapshot by Oscar Klefbom.
2:15 of 1st period - Stopped by Michal Neuvirth with a rebound.
2:17 of 1st period - Slapshot by Mark Scheifele.
2:17 of 1st period - Stopped by Michal Neuvirth without a rebound.
2:18 of 1st period - Cody Eakin wins face-off versus John Tavares in Ducks zone.
2:23 of 1st period - Snap shot by Adam Gaudette.
2:23 of 1st period - Stopped by Jeremy Swayman without a rebound.
2:24 of 1st period - Cody Eakin wins face-off versus John Tavares in Penguins zone.
2:27 of 1st period - Wrist shot by Cody Eakin.
2:27 of 1st period - Shot Blocked by Neal Pionk.
3:33 of 1st period - Danny DeKeiser is hit by John Tavares and loses puck.
4:33 of 1st period - Oscar Klefbom is hit by Matt Martin and loses puck.
5:16 of 1st period - Nick Leddy is hit by Frederick Gaudreau and loses puck.
5:33 of 1st period - Alex Pietrangelo is hit by Gavin Bayreuther and loses puck.
7:11 of 1st period - Nick Leddy is hit by Nikita Tryamkin and loses puck.
7:34 of 1st period - Icing by Adam Gaudette.
7:35 of 1st period - Sebastian Aho wins face-off versus Cody Eakin in Ducks zone.
8:35 of 1st period - Snap shot by Marcus Foligno.
8:35 of 1st period - Shot Misses the Net.
8:37 of 1st period - Wrist shot by Marcus Foligno.
8:37 of 1st period - Shot Misses the Net.
8:57 of 1st period - Wrist shot by Dominic Turgeon.
8:57 of 1st period - Stopped by Jeremy Swayman with a rebound.
10:27 of 1st period - Slapshot by Marcus Foligno.
10:27 of 1st period - Stopped by Michal Neuvirth with a rebound.
10:29 of 1st period - Slapshot by Nick Leddy.
10:29 of 1st period - Stopped by Michal Neuvirth without a rebound.
10:30 of 1st period - Sebastian Aho wins face-off versus Frederick Gaudreau in Ducks zone.
11:29 of 1st period - Wrist shot by Matt Martin.
11:29 of 1st period - Shot Misses the Net.
11:40 of 1st period - Icing by Matt Martin.
11:41 of 1st period - Frederick Gaudreau wins face-off versus John Tavares in Ducks zone.
11:50 of 1st period - Off-side.
11:51 of 1st period - Sebastian Aho wins face-off versus Tyler Johnson in neutral zone.
12:04 of 1st period - Snap shot by Mark Scheifele.
12:04 of 1st period - Shot Blocked by Carter Verhaeghe.
12:06 of 1st period - Slapshot by Gavin Bayreuther.
12:06 of 1st period - Stopped by Michal Neuvirth with a rebound.
12:08 of 1st period - Slapshot by Gavin Bayreuther.
12:08 of 1st period - Shot Blocked by Tyler Myers.
12:51 of 1st period - Snap shot by Frederick Gaudreau.
12:51 of 1st period - Shot Misses the Net.
13:07 of 1st period - Slapshot by Dominic Turgeon.
13:07 of 1st period - Stopped by Jeremy Swayman without a rebound.
13:08 of 1st period - Tyler Johnson wins face-off versus Sebastian Aho in Penguins zone.
13:09 of 1st period - Wrist shot by Adrian Kempe.
13:09 of 1st period - Stopped by Jeremy Swayman without a rebound.
13:10 of 1st period - Tyler Johnson wins face-off versus Sebastian Aho in Penguins zone.
13:27 of 1st period - Carter Verhaeghe is hit by Sebastian Aho and loses puck.
13:52 of 1st period - Slapshot by Alex Pietrangelo.
13:52 of 1st period - Shot Misses the Net.
14:09 of 1st period - Off-side.
14:10 of 1st period - Cody Eakin wins face-off versus John Tavares in neutral zone.
14:16 of 1st period - Slapshot by Cody Eakin.
14:16 of 1st period - Stopped by Jeremy Swayman without a rebound.
14:17 of 1st period - Cody Eakin wins face-off versus John Tavares in Penguins zone.
14:18 of 1st period - Snap shot by Adam Gaudette.
14:18 of 1st period - Stopped by Jeremy Swayman without a rebound.
14:19 of 1st period - Cody Eakin wins face-off versus John Tavares in Penguins zone.
14:41 of 1st period - Off-side.
14:42 of 1st period - Sebastian Aho wins face-off versus Carter Verhaeghe in neutral zone.
14:49 of 1st period - Slapshot by Sebastian Aho.
14:49 of 1st period - Deflect By Mark Scheifele.
14:49 of 1st period - Stopped by Michal Neuvirth with a rebound.
14:57 of 1st period - Sebastian Aho is hit by Alex Pietrangelo and loses puck.
15:15 of 1st period - Backhand shot by Jakub Voracek.
15:15 of 1st period - Stopped by Michal Neuvirth without a rebound.
15:16 of 1st period - Sam Gagner wins face-off versus Cody Eakin in Ducks zone.
15:25 of 1st period - Wrist shot by Mathew Barzal.
15:25 of 1st period - Stopped by Michal Neuvirth with a rebound.
15:41 of 1st period - Neal Pionk is hit by John Carlson and loses puck.
16:25 of 1st period - Off-side.
16:26 of 1st period - Max Reinhart wins face-off versus Teemu Hartikainen in neutral zone.
16:37 of 1st period - Snap shot by Dominic Turgeon.
16:37 of 1st period - Stopped by Jeremy Swayman without a rebound.
16:38 of 1st period - Cody Eakin wins face-off versus Sebastian Aho in Penguins zone.
16:47 of 1st period - Wrist shot by Adam Fox.
16:47 of 1st period - Shot Misses the Net.
16:49 of 1st period - Wrist shot by Kirill Kaprizov.
16:49 of 1st period - Stopped by Michal Neuvirth with a rebound.
16:51 of 1st period - Snap shot by Kirill Kaprizov.
16:51 of 1st period - Shot Blocked by Matt Martin.
16:53 of 1st period - Wrist shot by Mark Scheifele.
16:53 of 1st period - Stopped by Michal Neuvirth with a rebound.
17:09 of 1st period - Wrist shot by John Tavares.
17:09 of 1st period - Shot Blocked by Adam Larsson.
17:53 of 1st period - Minor Penalty to Danny DeKeiser for Charging.
17:54 of 1st period - John Tavares wins face-off versus Tyler Johnson in Ducks zone.
18:05 of 1st period - Tye McGinn is hit by John Tavares and loses puck.
18:41 of 1st period - Tyler Myers is hit by John Tavares and loses puck.
19:39 of 1st period - Gavin Bayreuther is hit by Matt Martin and loses puck.
19:53 of 1st period - Penalty to Danny DeKeiser is over, Danny DeKeiser is back on ice.
Goals for this period are 0 for Penguins vs 0 for Ducks.
Shots for this period are 12 for Penguins vs 7 for Ducks.

2nd period


0:01 of 2nd period - Cody Eakin wins face-off versus Sebastian Aho in neutral zone.
0:35 of 2nd period - Slapshot by Adam Fox.
0:35 of 2nd period - Deflect By John Tavares.
0:35 of 2nd period - Stopped by Michal Neuvirth with a rebound.
0:48 of 2nd period - Minor Penalty to Sam Gagner for Interference.
0:49 of 2nd period - Tyler Johnson wins face-off versus Max Reinhart in Penguins zone.
2:48 of 2nd period - Penalty to Sam Gagner is over, Sam Gagner is back on ice.
2:51 of 2nd period - Icing by Adam Gaudette.
2:52 of 2nd period - Sebastian Aho wins face-off versus Cody Eakin in Ducks zone.
2:55 of 2nd period - Wrist shot by Kirill Kaprizov.
2:55 of 2nd period - Stopped by Michal Neuvirth without a rebound.
2:56 of 2nd period - Sebastian Aho wins face-off versus Dominic Turgeon in Ducks zone.
3:03 of 2nd period - Snap shot by Sebastian Aho.
3:03 of 2nd period - Stopped by Michal Neuvirth with a rebound.
3:05 of 2nd period - Wrist shot by Gavin Bayreuther.
3:05 of 2nd period - Deflect By Danny DeKeiser.
3:05 of 2nd period - Stopped by Michal Neuvirth with a rebound.
3:07 of 2nd period - Snap shot by Mark Scheifele.
3:07 of 2nd period - Stopped by Michal Neuvirth without a rebound.
3:08 of 2nd period - Sebastian Aho wins face-off versus Tyler Johnson in Ducks zone.
3:40 of 2nd period - Wrist shot by Adam Gaudette.
3:40 of 2nd period - Shot Blocked by Neal Pionk.
3:42 of 2nd period - Snap shot by Cody Eakin.
3:42 of 2nd period - Shot Blocked by Gavin Bayreuther.
3:44 of 2nd period - Snap shot by Matt Martin.
3:44 of 2nd period - Deflect By Cody Eakin.
3:44 of 2nd period - Shot Blocked by John Tavares.
3:44 of 2nd period - Puck is out of play.
3:45 of 2nd period - Sam Gagner wins face-off versus Tyler Johnson in Penguins zone.
3:56 of 2nd period - Gavin Bayreuther is hit by Carter Verhaeghe.
4:00 of 2nd period - Adrian Kempe is hit by Mathew Barzal and loses puck.
5:00 of 2nd period - Slapshot by Adam Fox.
5:00 of 2nd period - Stopped by Michal Neuvirth with a rebound.
6:23 of 2nd period - Snap shot by Brandon Tanev.
6:23 of 2nd period - Stopped by Michal Neuvirth without a rebound.
6:24 of 2nd period - Sebastian Aho wins face-off versus Cody Eakin in Ducks zone.
6:27 of 2nd period - Snap shot by Sebastian Aho.
6:27 of 2nd period - Shot Blocked by Tyler Myers.
7:02 of 2nd period - Wrist shot by Jakub Voracek.
7:02 of 2nd period - Stopped by Michal Neuvirth with a rebound.
7:14 of 2nd period - Danny DeKeiser is hit by Gavin Bayreuther and loses puck.
7:21 of 2nd period - Snap shot by Nikita Tryamkin.
7:21 of 2nd period - Deflect By Gavin Bayreuther.
7:21 of 2nd period - Stopped by Jeremy Swayman with a rebound.
7:23 of 2nd period - Wrist shot by Adrian Kempe.
7:23 of 2nd period - Shot Misses the Net.
7:25 of 2nd period - Slapshot by Danny DeKeiser.
7:25 of 2nd period - Deflect By Adrian Kempe.
7:25 of 2nd period - Shot Misses the Net.
7:25 of 2nd period - Puck is out of play.
7:26 of 2nd period - Sebastian Aho wins face-off versus Cody Eakin in Penguins zone.
7:42 of 2nd period - Minor Penalty to Adam Fox for Hooking.
7:43 of 2nd period - Marcus Foligno wins face-off versus Tyler Johnson in Penguins zone.
8:18 of 2nd period - Slapshot by Danny DeKeiser.
8:18 of 2nd period - Shot Misses the Net.
9:42 of 2nd period - Penalty to Adam Fox is over, Adam Fox is back on ice.
9:43 of 2nd period - Icing by Tyler Johnson.
9:44 of 2nd period - Cody Eakin wins face-off versus Sebastian Aho in Ducks zone.
10:03 of 2nd period - Wrist shot by Teemu Hartikainen.
10:03 of 2nd period - Shot Misses the Net.
10:21 of 2nd period - Adam Fox is hit by Tye McGinn and loses puck.
11:07 of 2nd period - Slapshot by Nick Leddy.
11:07 of 2nd period - Stopped by Michal Neuvirth without a rebound.
11:08 of 2nd period - Dominic Turgeon wins face-off versus Sebastian Aho in Ducks zone.
11:51 of 2nd period - Snap shot by Dominic Turgeon.
11:51 of 2nd period - Deflect By Teemu Hartikainen.
11:51 of 2nd period - Shot Misses the Net.
11:51 of 2nd period - Puck is out of play.
11:52 of 2nd period - Mark Scheifele wins face-off versus Tyler Johnson in Penguins zone.
11:52 of 2nd period - Mark Scheifele is hit by Tyler Johnson.
12:34 of 2nd period - Slapshot by John Tavares.
12:34 of 2nd period - Goal by John Tavares - Penguins : 1 - Ducks : 0.
12:35 of 2nd period - Tyler Johnson wins face-off versus Sebastian Aho in neutral zone.
13:01 of 2nd period - Adam Gaudette is hit by Jakub Voracek.
13:09 of 2nd period - Snap shot by Tyler Myers.
13:09 of 2nd period - Stopped by Jeremy Swayman with a rebound.
13:11 of 2nd period - Backhand shot by Cody Eakin.
13:11 of 2nd period - Shot Misses the Net.
13:31 of 2nd period - Gavin Bayreuther is hit by Adam Larsson and loses puck.
13:44 of 2nd period - Snap shot by Adrian Kempe.
13:44 of 2nd period - Stopped by Jeremy Swayman with a rebound.
13:50 of 2nd period - Snap shot by Gavin Bayreuther.
13:50 of 2nd period - Shot Misses the Net.
13:52 of 2nd period - Snap shot by Nick Leddy.
13:52 of 2nd period - Deflect By Brandon Tanev.
13:52 of 2nd period - Stopped by Michal Neuvirth with a rebound.
14:02 of 2nd period - Slapshot by Mark Scheifele.
14:02 of 2nd period - Shot Misses the Net.
14:04 of 2nd period - Wrist shot by Kirill Kaprizov.
14:04 of 2nd period - Stopped by Michal Neuvirth with a rebound.
14:24 of 2nd period - Snap shot by John Tavares.
14:24 of 2nd period - Stopped by Michal Neuvirth with a rebound.
14:26 of 2nd period - Slapshot by Nick Blankenburg.
14:26 of 2nd period - Stopped by Michal Neuvirth with a rebound.
14:38 of 2nd period - Minor Penalty to Alex Pietrangelo for Tripping.
14:39 of 2nd period - John Tavares wins face-off versus Tyler Johnson in Ducks zone.
14:50 of 2nd period - Snap shot by Mark Scheifele.
14:50 of 2nd period - Shot Misses the Net.
15:41 of 2nd period - Wrist shot by Danny DeKeiser.
15:41 of 2nd period - Shot Misses the Net.
16:38 of 2nd period - Penalty to Alex Pietrangelo is over, Alex Pietrangelo is back on ice.
16:47 of 2nd period - Alex Pietrangelo is hit by Sam Gagner and loses puck.
16:58 of 2nd period - Wrist shot by Marcus Foligno.
16:58 of 2nd period - Stopped by Michal Neuvirth with a rebound.
17:15 of 2nd period - Teemu Hartikainen is hit by Nick Blankenburg and loses puck.
17:36 of 2nd period - Minor Penalty to Sam Gagner for High sticking.
17:37 of 2nd period - Max Reinhart wins face-off versus Adrian Kempe in Penguins zone.
17:48 of 2nd period - Adam Fox is hit by Tyler Johnson and loses puck.
18:23 of 2nd period - Marcus Foligno is hit by Alex Pietrangelo and loses puck.
18:48 of 2nd period - Backhand shot by Alex Pietrangelo.
18:48 of 2nd period - Stopped by Jeremy Swayman with a rebound.
18:50 of 2nd period - Slapshot by Danny DeKeiser.
18:50 of 2nd period - Shot Misses the Net.
19:02 of 2nd period - Cody Eakin is hit by John Tavares and loses puck.
19:36 of 2nd period - Penalty to Sam Gagner is over, Sam Gagner is back on ice.
19:43 of 2nd period - Sebastian Aho is hit by Tye McGinn and loses puck.
Goals for this period are 1 for Penguins vs 0 for Ducks.
Shots for this period are 15 for Penguins vs 4 for Ducks.

3rd period


0:01 of 3rd period - Tyler Johnson wins face-off versus Sebastian Aho in neutral zone.
0:59 of 3rd period - Snap shot by Sam Gagner.
0:59 of 3rd period - Shot Misses the Net.
1:01 of 3rd period - Slapshot by Sam Gagner.
1:01 of 3rd period - Shot Misses the Net.
1:03 of 3rd period - Snap shot by Marcus Foligno.
1:03 of 3rd period - Stopped by Michal Neuvirth without a rebound.
1:04 of 3rd period - Adrian Kempe wins face-off versus Sebastian Aho in Ducks zone.
1:06 of 3rd period - Minor Penalty to Adrian Kempe for Holding Stick.
1:07 of 3rd period - John Tavares wins face-off versus Tyler Johnson in Ducks zone.
1:17 of 3rd period - Slapshot by Mark Scheifele.
1:17 of 3rd period - Shot Misses the Net.
1:19 of 3rd period - Slapshot by Gavin Bayreuther.
1:19 of 3rd period - Shot Blocked by Alex Pietrangelo.
1:21 of 3rd period - Backhand shot by Mark Scheifele.
1:21 of 3rd period - Goal by Mark Scheifele - Penguins : 2 - Ducks : 0.
1:22 of 3rd period - Tyler Johnson wins face-off versus Sebastian Aho in neutral zone.
1:27 of 3rd period - Wrist shot by Adrian Kempe.
1:27 of 3rd period - Shot Blocked by Adam Fox.
1:29 of 3rd period - Wrist shot by Adam Larsson.
1:29 of 3rd period - Shot Misses the Net.
1:49 of 3rd period - Matt Martin is hit by Jakub Voracek.
1:57 of 3rd period - Slapshot by Jakub Voracek.
1:57 of 3rd period - Deflect By Pavel Zacha.
1:57 of 3rd period - Stopped by Michal Neuvirth with a rebound.
2:19 of 3rd period - Wrist shot by Teemu Hartikainen.
2:19 of 3rd period - Shot Misses the Net.
2:21 of 3rd period - Wrist shot by Dominic Turgeon.
2:21 of 3rd period - Shot Blocked by Pavel Zacha.
2:23 of 3rd period - Wrist shot by John Carlson.
2:23 of 3rd period - Stopped by Jeremy Swayman without a rebound.
2:24 of 3rd period - Sebastian Aho wins face-off versus Tyler Johnson in Penguins zone.
2:24 of 3rd period - Sebastian Aho is hit by Adrian Kempe.
2:55 of 3rd period - Wrist shot by Mathew Barzal.
2:55 of 3rd period - Goal by Mathew Barzal - Penguins : 3 - Ducks : 0.
2:56 of 3rd period - Sebastian Aho wins face-off versus Tyler Johnson in neutral zone.
2:59 of 3rd period - Wrist shot by Oscar Klefbom.
2:59 of 3rd period - Stopped by Michal Neuvirth with a rebound.
3:06 of 3rd period - Off-side.
3:07 of 3rd period - Tyler Johnson wins face-off versus Sebastian Aho in neutral zone.
3:21 of 3rd period - Slapshot by Sebastian Aho.
3:21 of 3rd period - Shot Misses the Net.
3:57 of 3rd period - Snap shot by Marcus Foligno.
3:57 of 3rd period - Shot Blocked by Adam Larsson.
3:59 of 3rd period - Snap shot by Marcus Foligno.
3:59 of 3rd period - Stopped by Michal Neuvirth without a rebound.
4:00 of 3rd period - Sebastian Aho wins face-off versus Tyler Johnson in Ducks zone.
4:57 of 3rd period - Minor Penalty to Sebastian Aho for Roughing.
4:58 of 3rd period - Max Reinhart wins face-off versus Matt Martin in Penguins zone.
5:06 of 3rd period - Slapshot by Danny DeKeiser.
5:06 of 3rd period - Stopped by Jeremy Swayman with a rebound.
5:08 of 3rd period - Slapshot by Matt Martin.
5:08 of 3rd period - Stopped by Jeremy Swayman with a rebound.
5:10 of 3rd period - Slapshot by Adam Larsson.
5:10 of 3rd period - Shot Blocked by Adam Fox.
5:12 of 3rd period - Wrist shot by Tyler Myers.
5:12 of 3rd period - Shot Blocked by Oscar Klefbom.
6:51 of 3rd period - Neal Pionk is hit by Tye McGinn and loses puck.
6:57 of 3rd period - Penalty to Sebastian Aho is over, Sebastian Aho is back on ice.
6:58 of 3rd period - Snap shot by Frederick Gaudreau.
6:58 of 3rd period - Shot Misses the Net.
7:00 of 3rd period - Wrist shot by Frederick Gaudreau.
7:00 of 3rd period - Shot Misses the Net.
7:02 of 3rd period - Slapshot by Tyler Myers.
7:02 of 3rd period - Deflect By Frederick Gaudreau.
7:02 of 3rd period - Shot Blocked by Brandon Tanev.
7:02 of 3rd period - Puck is out of play.
7:03 of 3rd period - Dominic Turgeon wins face-off versus Sebastian Aho in Penguins zone.
7:08 of 3rd period - Snap shot by Dominic Turgeon.
7:08 of 3rd period - Stopped by Jeremy Swayman without a rebound.
7:09 of 3rd period - Mark Scheifele wins face-off versus Dominic Turgeon in Penguins zone.
7:16 of 3rd period - Wrist shot by Sebastian Aho.
7:16 of 3rd period - Shot Misses the Net.
7:18 of 3rd period - Snap shot by Gavin Bayreuther.
7:18 of 3rd period - Deflect By Mark Scheifele.
7:18 of 3rd period - Shot Misses the Net.
7:18 of 3rd period - Puck is out of play.
7:19 of 3rd period - Sebastian Aho wins face-off versus Tyler Johnson in Ducks zone.
8:00 of 3rd period - Wrist shot by John Tavares.
8:00 of 3rd period - Shot Misses the Net.
10:07 of 3rd period - Wrist shot by Teemu Hartikainen.
10:07 of 3rd period - Stopped by Jeremy Swayman with a rebound.
10:39 of 3rd period - Adam Gaudette is hit by Jakub Voracek and loses puck.
11:11 of 3rd period - Slapshot by Frederick Gaudreau.
11:11 of 3rd period - Shot Misses the Net.
11:39 of 3rd period - Off-side.
11:40 of 3rd period - Sebastian Aho wins face-off versus Dominic Turgeon in neutral zone.
11:43 of 3rd period - Tyler Myers is hit by Sebastian Aho and loses puck.
11:48 of 3rd period - Wrist shot by Mark Scheifele.
11:48 of 3rd period - Deflect By Teemu Hartikainen.
11:48 of 3rd period - Goal by Mark Scheifele - Penguins : 4 - Ducks : 0.
11:49 of 3rd period - Tyler Johnson wins face-off versus Sebastian Aho in neutral zone.
11:54 of 3rd period - Snap shot by Adrian Kempe.
11:54 of 3rd period - Shot Misses the Net.
13:27 of 3rd period - Kirill Kaprizov is hit by Cody Eakin and loses puck.
13:45 of 3rd period - Icing by Tyler Myers.
13:46 of 3rd period - Dominic Turgeon wins face-off versus John Tavares in Ducks zone.
13:51 of 3rd period - Snap shot by Dominic Turgeon.
13:51 of 3rd period - Stopped by Jeremy Swayman with a rebound.
14:42 of 3rd period - Slapshot by Alex Pietrangelo.
14:42 of 3rd period - Stopped by Jeremy Swayman with a rebound.
15:54 of 3rd period - Snap shot by Sebastian Aho.
15:54 of 3rd period - Shot Misses the Net.
15:56 of 3rd period - Slapshot by Kirill Kaprizov.
15:56 of 3rd period - Shot Misses the Net.
16:11 of 3rd period - Minor Penalty to Nick Blankenburg for Hooking.
16:12 of 3rd period - Max Reinhart wins face-off versus Tyler Johnson in Penguins zone.
16:23 of 3rd period - Marcus Foligno is hit by Tyler Johnson and loses puck.
16:41 of 3rd period - Icing by Tyler Myers.
16:42 of 3rd period - Cody Eakin wins face-off versus Max Reinhart in Ducks zone.
18:06 of 3rd period - Marcus Foligno is hit by Adam Gaudette.
18:11 of 3rd period - Penalty to Nick Blankenburg is over, Nick Blankenburg is back on ice.
18:24 of 3rd period - Snap shot by Teemu Hartikainen.
18:24 of 3rd period - Stopped by Jeremy Swayman with a rebound.
18:26 of 3rd period - Slapshot by John Carlson.
18:26 of 3rd period - Shot Misses the Net.
18:28 of 3rd period - Snap shot by Zack MacEwen.
18:28 of 3rd period - Shot Misses the Net.
19:06 of 3rd period - John Carlson is hit by Marcus Foligno and loses puck.
19:58 of 3rd period - Wrist shot by Dominic Turgeon.
19:58 of 3rd period - Shot Blocked by Pavel Zacha.
Goals for this period are 3 for Penguins vs 0 for Ducks.
Shots for this period are 7 for Penguins vs 8 for Ducks.